 Dungeon Crawl Stone Soup version 0.24-a0-282-g1a68c91 (webtiles) character file.

Game seed: 18401747665866051275

6555 Ijustatesigmund the Basher (level 11, -10/81 HPs)
             Began as an Octopode Fighter on Apr 30, 2019.
             Mangled by Ratty's ghost (16 damage)
             ... on level 10 of the Dungeon on May 2, 2019.
             The game lasted 00:18:35 (9880 turns).

Ijustatesigmund the Basher (Octopode Fighter)       Turns: 9880, Time: 00:18:37

Health: -10/81     AC:  3    Str: 16    XL:     11   Next: 1%
Magic:  11/11      EV: 15    Int: 11    God:
Gold:   415        SH: 11    Dex: 17    Spells: 9/10 levels left

rFire    . . .     SeeInvis .   a - +2 flail (venom)
rCold    + . .     Gourm    .   b - +1 shield
rNeg     . . .     Faith    .   q - +2 hat
rPois    .         Spirit   .   s - amulet of regeneration
rElec    .         Reflect  .   g - ring of protection from cold
rCorr    .         Harm     .   x - +3 ring of dexterity
MR       .....                  (no ring)
Stlth    ++++......             (no ring)
HPRegen  0.63/turn              (no ring)
MPRegen  0.12/turn              (no ring)
                                (no ring)
                                (no ring)

@: hasted, very quick
A: almost no armour, stealthy swim, amphibious, 8 rings, constrict 8, camouflage
1, gelatinous body 1
a: no special abilities


You were on level 10 of the Dungeon.
You were very hungry.

You visited 1 branch of the dungeon, and saw 11 of its levels.
You also visited: Sewer.

You collected 492 gold pieces.
You spent 77 gold pieces at shops.

Inventory:

Hand Weapons
 a - a +2 flail of venom (weapon)
Missiles
 e - 3 throwing nets (quivered)
Armour
 b - a +1 shield (worn)
 q - a +2 hat (worn)
Jewellery
 g - a ring of protection from cold (left tentacle)
 s - an amulet of regeneration (around mantle)
 x - a +3 ring of dexterity (right tentacle)
Wands
 c - a wand of digging (16)
 l - a wand of polymorph (4)
Scrolls
 f - 4 scrolls of teleportation
 i - 2 scrolls of magic mapping
 j - 7 scrolls of remove curse
 k - 3 scrolls of blinking
 m - 3 scrolls of amnesia
 t - 2 scrolls of identify
 v - 2 scrolls of torment
 w - a scroll of enchant weapon
 y - a scroll of fear
 A - a scroll of fog
Potions
 h - 6 potions of flight
 n - a potion of heal wounds
 o - 6 potions of curing
 r - a potion of invisibility
 u - 2 potions of resistance
 z - 2 potions of brilliance
Comestibles
 d - 21 rations


   Skills:
 + Level 9.9 Fighting
 + Level 10.2 Maces & Flails
 - Level 5.7 Dodging
 - Level 6.2 Stealth
 - Level 5.5 Shields
 + Level 3.3 Translocations


You had 9 spell levels left.
You knew the following spells:

 Your Spells              Type           Power        Failure   Level  Hunger
a - Apportation           Tloc           #.....       30%         1    ##.....

Your spell library contained the following spells:

 Spells                   Type           Power        Failure   Level  Hunger
 Animate Skeleton         Necr           N/A          75%         1    ##.....
 Confusing Touch          Hex            #.....       75%         1    ##.....
 Summon Small Mammal      Summ           #...         75%         1    ##.....


Dungeon Overview and Level Annotations

Branches:
Dungeon (11/15)            Temple (0/1) D:5            Lair (0/6) D:11
    Orc: D:9-12

Altars:
Ashenzari
Fedhas
Gozag
Kikubaaqudgha
Nemelex Xobeh
Okawaru
Qazlal
Uskayaw
Wu Jian
Zin
Beogh

Shops:
D:5 ?

Annotations:
D:10 Ratty's ghost, novice DsNe


Innate Abilities, Weirdness & Mutations

You cannot wear most types of armour.
You are very stealthy in the water. (Stealth+)
You are amphibious.
You can wear up to eight rings at the same time.
You can use your tentacles to constrict eight enemies at once.
Your skin changes colour to match your surroundings (Stealth+).
Your rubbery body absorbs attacks. (AC +1, EV +1)


Message History

You constrict the orc warrior, but do no damage.
Ratty's ghost hits you. You block the orc warrior's attack.
The orc hits you with a +0 hand axe.
You feel yourself speed up.
You constrict the orc warrior, but do no damage.
Ratty's ghost gestures at you while chanting.
Pain shoots through your body!
You hit the orc warrior but do no damage.
The orc warrior looks as sick as possible!
The orc warrior is severely wounded.
You constrict the orc warrior, but do no damage.
The orc closely misses you.
The orc warrior hits you with the +8 scimitar of Olay {pain, rF+ Int+4}!!
* * * LOW HITPOINT WARNING * * *
You writhe in agony.
* * * LOW HITPOINT WARNING * * *
You block the orc's attack. Ratty's ghost hits you.
* * * LOW HITPOINT WARNING * * *
You are electrocuted!
You die...

########### ########.........#
#8......o[.....8.#
#######'W@######.# ##
#......)ooo...#.# .#
#....#####....#.#########
.########.###.....###.#..........
........#.#8#..8..#8#.#....).....
###.##### ............#..........
#.# 8...)[_.o...8#.......... #.#
############# ##..........
###.####.#.........# #..........


You could see an orc warrior, Ratty's ghost and 3 orcs.

Vanquished Creatures
  Harold (D:7)
  Grinder (D:6)
  Sigmund (D:2)
  A spriggan (D:8)
  4 yaks (D:9)
  Grum (D:8)
  A hungry ghost (D:8)
  Menkaure (D:6)
  2 water moccasins
  Duvessa (D:7)
  4 orc warriors
  A phantom (D:8)
  2 ice beasts
  A sky beast (D:10)
  A black bear (D:8)
  An eye of draining (D:6)
  4 ogres
  2 wolves (D:8)
  2 centaurs
  4 big kobolds
  5 bullfrogs
  A water moccasin zombie (D:9)
  Dowan (D:7)
  5 killer bees (D:10)
  3 howler monkeys (D:9)
  2 jellies
  3 centaur zombies
  4 hounds
  2 centaur skeletons
  8 orc priests
  3 bullfrog skeletons
  2 iguanas (D:10)
  4 orc wizards
  10 worker ants
  2 hound skeletons
  3 gnolls (D:7)
  14 adders
  A river rat (Sewer)
  2 oozes
  An adder zombie (D:6)
  3 adder skeletons
  3 worms
  3 dart slugs
  10 leopard geckos
  28 orcs
  9 bats
  9 giant cockroaches
  8 hobgoblins
  9 jackals
  5 quokkas
  3 ball pythons
  A ball python skeleton (D:5)
  5 frilled lizards
  7 goblins
  2 jackal skeletons (D:6)
  25 kobolds
  A leopard gecko skeleton (D:4)
  A quokka zombie (D:6)
  13 rats
257 creatures vanquished.

Notes
Turn   | Place    | Note
-------+----------+-------------------------------------------
     0 | D:1      | Ijustatesigmund the Octopode Fighter began the quest for
                  | the Orb.
     0 | D:1      | Reached XP level 1. HP: 16/16 MP: 1/1
    98 | D:1      | Reached XP level 2. HP: 21/21 MP: 2/2
   735 | D:1      | Reached skill level 3 in Maces & Flails
   735 | D:1      | Reached XP level 3. HP: 26/26 MP: 3/3
  1001 | D:2      | Reached XP level 4. HP: 9/32 MP: 4/4
  1474 | D:2      | Noticed Sigmund
  1478 | D:2      | Killed Sigmund
  1478 | D:2      | Reached skill level 5 in Maces & Flails
  1478 | D:2      | Reached XP level 5. HP: 21/38 MP: 5/5
  1478 | D:2      | Reached XP level 6. HP: 24/44 MP: 6/6
  1622 | D:2      | Found an opulent altar of Gozag.
  1925 | D:2      | Found a blossoming altar of Fedhas.
  2526 | D:2      | Upgraded the game from 0.24-a0-278-gefa1973 to
                  | 0.24-a0-282-g1a68c91
  3549 | D:4      | Reached XP level 7. HP: 49/49 MP: 7/7
  3556 | D:4      | Reached skill level 5 in Fighting
  3573 | D:4      | You fall through a shaft!
  3573 | D:5      | Entered Level 5 of the Dungeon
  3573 | D:5      | Found a staircase to the Ecumenical Temple.
  3590 | D:5      | Found Poilaw's Magic Scroll Boutique.
  3621 | D:5      | Found a glowing drain.
  3673 | Sewer    | Entered a sewer
  3927 | Sewer    | Found a white marble altar of Elyvilon.
  4047 | D:5      | Bought a scroll of identify for 22 gold pieces
  4047 | D:5      | Bought a scroll of identify for 22 gold pieces
  4047 | D:5      | Bought a scroll of teleportation for 33 gold pieces
  4086 | D:5      | Reached skill level 6 in Maces & Flails
  4274 | D:5      | Found a stormy altar of Qazlal.
  4637 | D:6      | Found a sparkling altar of Nemelex Xobeh.
  4637 | D:6      | Found an iron altar of Okawaru.
  4637 | D:6      | Found an ancient bone altar of Kikubaaqudgha.
  4972 | D:6      | Noticed Menkaure
  4980 | D:6      | Killed Menkaure
  5009 | D:6      | Reached XP level 8. HP: 54/57 MP: 8/8
  5333 | D:6      | Noticed Grinder
  5338 | D:6      | Killed Grinder
  5595 | D:7      | Reached skill level 7 in Maces & Flails
  5815 | D:7      | Noticed Dowan
  5816 | D:7      | Noticed Duvessa
  5830 | D:7      | Killed Dowan
  5897 | D:7      | Killed Duvessa
  5984 | D:7      | Found an ornate altar of the Wu Jian Council.
  6021 | D:7      | Reached XP level 9. HP: 64/64 MP: 9/9
  6068 | D:7      | Noticed Harold
  6086 | D:7      | Killed Harold
  6086 | D:7      | Reached skill level 8 in Maces & Flails
  6086 | D:7      | Reached skill level 5 in Dodging
  6086 | D:7      | Reached skill level 5 in Shields
  6980 | D:4      | Found a glowing silver altar of Zin.
  7122 | D:4      | Found an ornate altar of the Wu Jian Council.
  7403 | D:8      | Reached skill level 1 in Stealth
  7634 | D:8      | Reached XP level 10. HP: 38/73 MP: 10/10
  7640 | D:8      | Reached skill level 9 in Maces & Flails
  7843 | D:8      | Found a shattered altar of Ashenzari.
  7878 | D:8      | Noticed Grum
  7884 | D:8      | Killed Grum
  8166 | D:8      | You fall through a shaft for 3 floors!
  8177 | D:11     | Found a staircase to the Lair.
  8193 | D:10     | Entered Level 10 of the Dungeon
  8248 | D:10     | Found an opulent altar of Gozag.
  8254 | D:10     | Reached skill level 5 in Stealth
  9007 | D:9      | Learned a level 1 spell: Apportation
  9016 | D:9      | Found a hide-covered altar of Uskayaw.
  9107 | D:9      | Reached skill level 1 in Translocations
  9169 | D:9      | Reached skill level 10 in Maces & Flails
  9381 | D:10     | Found a runed translucent gate.
  9382 | D:10     | Found a runed translucent gate.
  9382 | D:10     | Noticed Ratty's ghost (novice DsNe)
  9382 | D:10     | Identified the +8 scimitar of Olay {pain, rF+ Int+4}
  9382 | D:10     | Identified the +9 plate armour "Zolicarghi" {+Blink rC++
                  | rCorr Dex-2}
  9383 | D:10     | Found a runed translucent gate.
  9389 | D:10     | Found a roughly hewn altar of Beogh.
  9875 | D:10     | Reached XP level 11. HP: 63/81 MP: 11/11
  9880 | D:10     | Mangled by Ratty's ghost

Levels and vault maps discovered:
D:1:      matt_arrival_los_fun, layout_basic
D:2:      layout_loops_corners, lemuel_crystal_altar, fedhas_altar_1,
          uniq_sigmund
D:3:      layout_basic, serial_rivers, chequers_serial_rivers_micro_a,
          chequers_serial_rivers_micro_c, chequers_serial_rivers_micro_b,
          chequers_serial_rivers_marsh, chequers_serial_rivers_room_b,
          first_ration
D:4:      layout_loops_ring, marbit_many_paths, kennysheep_little_box, hex_tiny
D:5:      layout_cave_pools, temple_fountains, gup_sewer_entry_pipe,
          serial_shops, shop, nicolae_qazlal_general_emergency
D:6:      layout_basic, gammafunk_temple_overflow_claw, uniq_grinder,
          uniq_menkaure
D:7:      layout_loops_ring, basic_altar, uniq_duvessa, uniq_harold
D:8:      layout_loops_corners, lemuel_coloured_pillars_altar, the_bakery,
          uniq_grum
D:9:      layout_roguey, overflow_temple_1_default
D:10:     layout_basic, biasface_ghost_orc_armoury, grunt_gozag_statues
D:11:     layout_cave_pools, minmay_lair_entry_grove

Skill      XL: |  1  2  3  4  5  6  7  8  9 10 |
---------------+-------------------------------+-----
Maces & Flails | 3 5 6 7 8 10 | 10.2
Fighting       | 4 5 7 8 9 |  9.9
Dodging        | 4 5 |  5.7
Shields        | 4 5 |  5.5
Stealth        | 3 6 |  6.2
Translocations | 3 |  3.3

Action                   |  1- 3 |  4- 6 |  7- 9 | 10-12 || total
-------------------------+-------+-------+-------+-------++-------
Melee: Flail             |    51 |   122 |   228 |   192 ||   593
       Constrict         |    15 |    32 |    55 |    40 ||   142
       Tentacles         |    10 |    24 |    43 |    50 ||   127
  Use: Scroll            |     5 |     1 |    13 |     8 ||    27
       Potion            |     1 |     1 |     3 |     1 ||     6
 Stab: Sleeping          |     4 |     7 |     7 |     7 ||    25
       Distracted        |     1 |       |       |     1 ||     2
  Eat: Chunk             |       |     8 |     8 |     1 ||    17
       Ration            |       |       |     2 |     2 ||     4
Armor: Skin              |     3 |    13 |    17 |    13 ||    46
Dodge: Dodged            |    33 |    59 |    97 |    72 ||   261
Block: Shield            |    21 |    55 |    92 |    94 ||   262

Table legend:
 A = Non-vault XP
 B = Vault XP
 C = Vault XP percentage of total XP
 D = Non-vault monster count
 E = Vault monster count
 F = Vault count percentage of total count
                 A         B        C        D         E       F
            +---------+---------+-------+---------+---------+-------
      Total |    6349 |    3016 |  32.2 |     219 |      38 |  14.8
            +---------+---------+-------+---------+---------+-------
        D:1 |      36 |       0 |   0.0 |      19 |       0 |   0.0
        D:2 |     161 |     223 |  58.1 |      34 |       1 |   2.9
        D:3 |     144 |       0 |   0.0 |      37 |       0 |   0.0
        D:4 |     484 |       1 |   0.2 |      17 |       1 |   5.6
        D:5 |     139 |      19 |  12.0 |      11 |       7 |  38.9
        D:6 |     356 |     445 |  55.6 |      12 |       2 |  14.3
        D:7 |     686 |    1246 |  64.5 |      21 |       3 |  12.5
        D:8 |    1124 |     634 |  36.1 |      13 |       4 |  23.5
        D:9 |    2111 |       0 |   0.0 |      32 |       0 |   0.0
       D:10 |    1108 |     332 |  23.1 |      23 |       9 |  28.1
      Sewer |       0 |     116 | 100.0 |       0 |      11 | 100.0
            +---------+---------+-------+---------+---------+-------
